 Dungeon Crawl Stone Soup version 0.20.0-8-g6b59dc7 (webtiles) character file.

5989 asdasd2 the Cleaver (level 10, -4/88 HPs)
             Began as a Minotaur Fighter on June 1, 2017.
             Was an Elder of Okawaru.
             Slain by a two-headed ogre
             ... wielding a +0 giant spiked club
              (17 damage)
             ... on level 10 of the Dungeon on June 2, 2017.
             The game lasted 00:17:23 (10639 turns).

asdasd2 the Cleaver (Minotaur Fighter)             Turns: 10639, Time: 00:17:25

Health: -4/88      AC: 20    Str: 24    XL:     10   Next: 55%
Magic:  18/18      EV:  9    Int:  5    God:    Okawaru [****..]
Gold:   318        SH:  0    Dex: 10    Spells: 9/9 levels left

rFire    . . .     SeeInvis .   a - +0 war axe
rCold    . . .     Gourm    +   (no shield)
rNeg     . . .     Faith    .   G - +0 plate armour
rPois    +         Spirit   .   B - +2 hat
rElec    .         Reflect  .   y - +0 cloak
rCorr    .         Harm     .   (no gloves)
MR       .....                  j - +0 pair of boots
Stlth    ..........             v - amulet of the gourmand
Regen    0.3/turn               q - ring of poison resistance
MPRegen  0.2/turn               k - ring of magical power

@: no status effects
A: retaliatory headbutt, horns 2
a: Heroism, Renounce Religion


You were on level 10 of the Dungeon.
You worshipped Okawaru.
Okawaru was greatly pleased with you.
You were not hungry.

You visited 1 branch of the dungeon, and saw 10 of its levels.

You collected 495 gold pieces.
You spent 177 gold pieces at shops.

Inventory:

Hand Weapons
 a - a +0 war axe (weapon)
 e - a +1 hand axe
 u - a +0 battleaxe
Armour
 j - a +0 pair of boots (worn)
 y - a +0 cloak (worn)
 B - a +2 hat (worn)
 G - a +0 plate armour (worn)
Jewellery
 k - a ring of magical power (right hand)
 o - an uncursed amulet of guardian spirit {unknown}
 q - a ring of poison resistance (left hand)
 v - an amulet of the gourmand (around neck)
 C - an uncursed amulet of harm {unknown}
Scrolls
 b - a scroll of recharging {unknown}
 d - a scroll of magic mapping {unknown}
 i - 7 scrolls of teleportation
 p - 2 scrolls of enchant weapon
 t - 3 scrolls of amnesia
 w - 5 scrolls of remove curse
 x - a scroll of fog
Potions
 g - a potion of agility {unknown}
 h - 2 potions of berserk rage
 l - 3 potions of degeneration {unknown}
 n - 2 potions of resistance
 r - 3 potions of heal wounds
 s - 2 potions of cancellation {unknown}
 A - 4 potions of mutation
 E - a potion of curing
 F - a potion of might
Books
 D - a book of Callings

   Spells                             Type                      Level
   a - Summon Small Mammal            Summoning                    1
   b - Call Imp                       Summoning                    2
   c - Call Canine Familiar           Summoning                    3
   d - Summon Guardian Golem          Hexes/Summoning              3
   e - Summon Lightning Spire         Summoning/Air                4
   f - Summon Ice Beast               Ice/Summoning                4
Comestibles
 c - 4 fruits
 f - 5 bread rations
 m - 5 meat rations


   Skills:
 + Level 7.8 Fighting
 * Level 12.7 Axes
 * Level 11.8 Armour
 + Level 3.8 Dodging
   Level 3.6 Shields


You had 9 spell levels left.
You didn't know any spells.

Dungeon Overview and Level Annotations

Branches:
Dungeon (10/15)            Temple (0/1) D:7
   Lair: D:8-11         Orc: D:9-12

Altars:
Cheibriados
Dithmenos
Elyvilon
Fedhas
Gozag
Kikubaaqudgha
Makhleb
Okawaru
Qazlal
Ru
Trog
Vehumet
Zin
The Shining One

Shops:
D:5 *   D:10 !


Innate Abilities, Weirdness & Mutations

You reflexively headbutt those who attack you in melee.
You have a pair of horns on your head.


Message History

The two-headed ogre is severely wounded.
You hit the two-headed ogre but do no damage.
The two-headed ogre is severely wounded.
The two-headed ogre hits you but does no damage.
The two-headed ogre hits you with a giant club!!
* * * LOW HITPOINT WARNING * * *
You closely miss the two-headed ogre.
The two-headed ogre is severely wounded.
The two-headed ogre hits you with a giant spiked club!
* * * LOW HITPOINT WARNING * * *
The two-headed ogre hits you but does no damage.
You slash the two-headed ogre! You headbutt the two-headed ogre.
The two-headed ogre is almost dead.
You closely miss the two-headed ogre.
You headbutt the two-headed ogre, but do no damage.
The two-headed ogre is almost dead.
The two-headed ogre hits you with a giant spiked club!
* * * LOW HITPOINT WARNING * * *
The two-headed ogre hits you with a giant club!
You die...

###### #.[... #.####
###### #.# ....#
####.### # ##..#
##......##
#####.###...###.........
......O@..........#.....
#####.###...###...###.#.
# ##..# ###.##..#. ....#
#.##[##. ###.## #.##.##.
#+# #.##.##. #.......
####.### ##.##


You could see a two-headed ogre.

Vanquished Creatures
  A two-headed ogre (D:8)
  A troll (D:9)
  A hornet (D:8)
  Prince Ribbit (D:9)
  4 fire bats (D:8)
  A steam dragon (D:8)
  Menkaure (D:7)
  A hell hound (D:8)
  3 ice beasts
  2 sky beasts
  2 orc warriors
  A black bear (D:10)
  A hornet zombie (D:9)
  A necrophage (D:8)
  4 ogres
  4 centaurs
  5 bullfrogs
  A gnoll sergeant (D:7)
  6 scorpions
  3 killer bees (D:8)
  A howler monkey (D:4)
  8 crimson imps
  A centaur zombie (D:5)
  A bullfrog zombie (D:7)
  2 jellies (D:7)
  A bullfrog skeleton (D:6)
  7 orc wizards
  3 orc priests
  A centaur skeleton (D:7)
  An iguana (D:5)
  Natasha (thrice) (D:4)
  5 worker ants
  A hound zombie (D:7)
  2 hound skeletons
  20 gnolls
  A howler monkey skeleton (D:5)
  10 adders
  A shadow imp (D:9)
  An ooze (D:1)
  An adder skeleton (D:6)
  An adder zombie (D:6)
  4 worms (D:2)
  A dart slug (D:5)
  8 leopard geckos
  24 orcs
  2 ball pythons
  4 giant cockroaches
  8 goblins
  12 hobgoblins
  6 jackals
  3 quokkas
  6 bats
  4 frilled lizards
  8 kobolds
  9 rats
215 creatures vanquished.

Vanquished Creatures (others)
  2 fire vortices (D:8)
2 creatures vanquished.

Grand Total: 217 creatures vanquished

Notes
Turn   | Place    | Note
-------+----------+-------------------------------------------
     0 | D:1      | asdasd2 the Minotaur Fighter began the quest for the Orb.
     0 | D:1      | Reached XP level 1. HP: 19/19 MP: 0/0
    94 | D:1      | Reached XP level 2. HP: 27/27 MP: 1/1
   270 | D:1      | Reached XP level 3. HP: 33/33 MP: 2/2
   643 | D:2      | Reached skill level 3 in Axes
   844 | D:2      | Reached skill level 5 in Armour
   873 | D:2      | Reached XP level 4. HP: 40/40 MP: 3/3
  1054 | D:2      | Reached skill level 4 in Axes
  1205 | D:2      | Found a snail-covered altar of Cheibriados.
  1235 | D:2      | Found an iron altar of Okawaru.
  1274 | D:2      | Became a worshipper of Warmaster Okawaru
  2253 | D:3      | Reached XP level 5. HP: 32/46 MP: 4/4
  2808 | D:4      | Reached skill level 5 in Axes
  2845 | D:4      | Reached XP level 6. HP: 32/53 MP: 5/5
  3049 | D:4      | Noticed Natasha
  3055 | D:4      | Killed Natasha
  3055 | D:4      | Reached skill level 6 in Axes
  3106 | D:4      | Noticed Natasha
  3136 | D:4      | Killed Natasha
  3241 | D:4      | Noticed Natasha
  3251 | D:4      | Killed Natasha
  3251 | D:4      | Reached XP level 7. HP: 39/60 MP: 6/6
  3372 | D:5      | Entered Level 5 of the Dungeon
  3537 | D:5      | Found a burning altar of Makhleb.
  3537 | D:5      | Found a radiant altar of Vehumet.
  3561 | D:5      | Reached * piety under Okawaru
  3561 | D:5      | Reached skill level 7 in Axes
  3580 | D:5      | Reached skill level 5 in Fighting
  3717 | D:5      | Found Gaotarel's General Store.
  3724 | D:5      | Bought a potion of curing for 33 gold pieces
  4260 | D:5      | Found a glowing golden altar of the Shining One.
  4265 | D:5      | Found a glowing silver altar of Zin.
  4266 | D:5      | Found an ancient bone altar of Kikubaaqudgha.
  4267 | D:5      | Found a blossoming altar of Fedhas.
  4269 | D:5      | Found an opulent altar of Gozag.
  4352 | D:6      | Reached skill level 1 in Dodging
  4480 | D:6      | Reached skill level 8 in Axes
  4480 | D:6      | Reached XP level 8. HP: 58/69 MP: 7/7
  4585 | D:6      | Noticed Prince Ribbit
  4899 | D:6      | Found a shadowy altar of Dithmenos.
  5068 | D:6      | Reached skill level 9 in Axes
  5280 | D:6      | Reached ** piety under Okawaru
  5906 | D:7      | Found a staircase to the Ecumenical Temple.
  5947 | D:7      | Noticed Menkaure
  6216 | D:7      | Killed Menkaure
  6216 | D:7      | Reached skill level 10 in Axes
  6530 | D:7      | Found a bloodstained altar of Trog.
  6537 | D:7      | Reached XP level 9. HP: 75/75 MP: 8/8
  6571 | D:7      | Reached *** piety under Okawaru
  7335 | D:8      | Reached skill level 11 in Axes
  7335 | D:8      | Reached skill level 10 in Armour
  8035 | D:8      | Reached **** piety under Okawaru
  8107 | D:8      | Reached XP level 10. HP: 24/86 MP: 9/9
  8394 | D:8      | Paralysed by a hornet for 3 turns
  8403 | D:8      | Reached skill level 12 in Axes
  8595 | D:8      | Noticed a two-headed ogre
  8601 | D:8      | Killed a two-headed ogre
  8867 | D:8      | Found a sacrificial altar of Ru.
  9808 | D:9      | Killed Prince Ribbit
  9949 | D:9      | Found a stormy altar of Qazlal.
  9950 | D:9      | Found a white marble altar of Elyvilon.
 10179 | D:10     | Entered Level 10 of the Dungeon
 10233 | D:10     | Found Joesaubb's Distillery.
 10236 | D:10     | Bought a potion of curing for 36 gold pieces
 10236 | D:10     | Bought a potion of heal wounds for 60 gold pieces
 10236 | D:10     | Bought a potion of might for 48 gold pieces
 10625 | D:10     | Noticed a two-headed ogre
 10639 | D:10     | Slain by a two-headed ogre

Skill      XL: |  1  2  3  4  5  6  7  8  9 10 |
---------------+-------------------------------+-----
Armour         | 4 5 6 7 9 10 11 | 11.8
Axes           | 3 4 5 6 8 10 11 12 | 12.7
Fighting       | 4 5 6 7 |  7.8
Dodging        | 1 3 |  3.8
Shields        | |  3.6

Action                   |  1- 3 |  4- 6 |  7- 9 | 10-12 || total
-------------------------+-------+-------+-------+-------++-------
Melee: War axe           |    75 |       |       |    70 ||   145
       Headbutt          |    16 |    30 |    93 |    29 ||   168
       Hand axe          |     1 |   155 |   386 |    54 ||   596
  Use: Scroll            |     3 |     2 |     8 |     1 ||    14
       Potion            |       |       |     2 |     1 ||     3
  Eat: Chunk             |       |     5 |    12 |     5 ||    22
       Royal jelly       |       |     1 |       |     1 ||     2
       Fruit             |       |       |     5 |       ||     5
       Bread ration      |       |       |       |     1 ||     1
Armor: Scale mail        |    49 |    68 |   148 |    20 ||   285
       Chain mail        |       |       |       |    28 ||    28
       Plate armour      |       |       |       |     5 ||     5
Dodge: Dodged            |    42 |    89 |   207 |    52 ||   390
